 Dungeon Crawl Stone Soup version 0.30-a0-347-gf58ed5266c (webtiles) character file.

Game seed: 6328446669700398750

142 mcwallace the Conjurer (level 5, -1/8 (40) HPs)
             Began as a Demonspawn Reaver on Nov 7, 2022.
             Slain by Natasha (3 damage)
             ... on level 3 of the Dungeon.
             The game lasted 00:05:11 (2013 turns).

mcwallace the Conjurer (Demonspawn Reaver)          Turns: 2013, Time: 00:05:11

HP:   -1/8 (40)     AC:  4    Str: 13    XL:     5   Next: 4%
MP:   8/9           EV: 12    Int: 16    God:
Gold: 145           SH:  0    Dex: 11    Spells: 8/9 levels left

rFire   . . .      SeeInvis .    a - +0 hand axe {axe}
rCold   + . .      Faith    .    (no shield)
rNeg    . . .      Spirit   .    b - +0 leather armour
rPois   .          Reflect  .    (helmet restricted)
rElec   .          Harm     .    (no cloak)
rCorr   .          Rampage  .    (no gloves)
Will    .....                    o - +0 pair of boots
Stlth   +.........               (no amulet)
HPRegen 0.21/turn                d - ring of protection from cold
MPRegen 0.11/turn                (no ring)

@: extremely drained
A: horns 2
a: no special abilities


You were on level 3 of the Dungeon.
You visited 1 branch of the dungeon, and saw 3 of its levels.

You collected 145 gold pieces.


Innate Abilities, Weirdness & Mutations

You have a pair of horns on your head.


   Skills:
 + Level 2.9 Fighting
 - Level 3.0 Axes
 + Level 2.6 Dodging
 + Level 2.8 Spellcasting
 + Level 3.6 Conjurations
 + Level 0.8 Ice Magic


You had 8 spell levels left.
You knew the following spells:

 Your Spells              Type           Power      Damage    Failure   Level
a - Kiss of Death         Conj/Necr      32%        2d7       12%         1

Your spell library contained the following spells:

 Spells                   Type           Power      Damage    Failure   Level
 Magic Dart               Conj           56%        1d5       5%          1
 Freeze                   Ice            16%        1d4       17%         1
 Momentum Strike          Conj/Tloc      16%        3d8       17%         2
 Static Discharge         Conj/Air       16%        2-3/arc   17%         2
 Hailstorm                Conj/Ice       9%         3d4       28%         3
 Call Imp                 Summ           2%         N/A       36%         2
 Mephitic Cloud           Conj/Pois/Air  6%         N/A       41%         3
 Frozen Ramparts          Ice            8%         1d2       45%         3
 Vhi's Electric Charge    Tloc/Air       4%         N/A       58%         3
 Arcjolt                  Conj/Air       4%         1d14      97%         5
 Lightning Bolt           Conj/Air       4%         1d15      97%         5

Inventory:

Hand Weapons
 a - a +0 hand axe (weapon) {axe}
 i - a +1 dagger of pain {short}
   (You took it off Jessica on level 2 of the Dungeon)
 n - a +3 dagger {short}
   (You took it off a kobold on level 2 of the Dungeon)
Missiles
 c - 18 stones {throwing}
Armour
 b - a +0 leather armour (worn)
 f - a +0 leather armour
   (You found it on level 1 of the Dungeon)
 g - a +0 ring mail
   (You found it on level 1 of the Dungeon)
 j - a +0 robe
   (You took it off Jessica on level 2 of the Dungeon)
 o - a +0 pair of boots (worn)
   (You found it on level 2 of the Dungeon)
 q - a scarf of shadows
   (You found it on level 2 of the Dungeon)
 s - a +0 robe
   (You found it on level 3 of the Dungeon)
Jewellery
 d - a ring of protection from cold (left hand)
   (You found it on level 1 of the Dungeon)
Scrolls
 k - 2 scrolls of enchant armour {unknown}
 l - a scroll of summoning {unknown}
 m - a scroll of teleportation {unknown}
 r - a scroll of amnesia {unknown}
 t - a scroll of fog {unknown}
Potions
 e - 3 potions of brilliance {unknown}
 h - a potion of haste {unknown}
 p - a potion of magic {unknown}
 u - 2 potions of curing {unknown}

Dungeon Overview and Level Annotations

Branches:
Dungeon (3/15) Zot: 15969

Altars:
Ashenzari
Qazlal

Annotations:
D:3 1 runed translucent door, Natasha; bande's ghost, amateur GrFi

........# #.##.#### ##.
........)# #.##..... #..
...####### #.#######
#..... #.# #### ...
#.####... ##.# #..##..#.
##...# ######..#_.#..
##.....####.......###..#
#.....h@....#####.# #...
##.....###### #.######
##...# #....... ##.#
#....... ## ####..#.
#..## #.... ##### ##


You could see Natasha (very drained).


Message History

Casting: Kiss of Death (safe; 12% risk of failure)
Confirm with . or Enter, or press ? or * to list all spells.
Aiming: Kiss of Death (safe; 12% risk of failure)
Press: ? - help, Shift-Dir - straight line, f/p - gnoll
Aim: a gnoll, wielding a +0 spear (heavily wounded, heavily drained, 100% to hit)
The negative energy hits the gnoll!
The gnoll is drained!
You kill the gnoll!
You feel drained.
You have reached level 5! 😕 HP[+5] MP[-1]
You now have 14 max hp (+2).
You regained 5 hp, and now have 11/14 hp.
t - a scroll labelled IFITOCYUHU
Things that are here:
a +0 whip {mace}; a +0 flail {mace}; a gnoll corpse 😎 HP[+3] MP[+6]
Your hp is fully restored (14).
Your mp is fully restored (9).
Items here: )) ††.
e - 3 pink potions (gained 2)
You now have 134 gold pieces (gained 10).
Found an escape hatch in the ceiling.
u - a clear potion Bande's ghost turns its malevolent gaze towards you.
You now have 145 gold pieces (gained 11).
Found a stone staircase leading down.
Found a stone staircase leading down.
Found a stone staircase leading up.
A goblin comes into view. It is wielding a +0 dagger.
The goblin moves out of view.
A goblin and a quokka come into view.
There are monsters nearby!
The quokka bites you but does no damage.
A goblin comes into view. It is wielding a +0 club.
The quokka bites you. 😕 HP[-1]
You take 1 damage, and now have 13/14 hp.
The goblin shouts!
You hit the quokka.
You kill the quokka!
The goblin barely misses you.
You closely miss the goblin.
The goblin hits you but does no damage. 😎 HP[+1]
Your hp is fully restored (14).
You hit the goblin.
You kill the goblin!
You hit the goblin. The goblin misses you.
You hit the goblin but do no damage. Your headbutt misses the goblin.
The goblin hits you but does no damage.
You slash the goblin!
You kill the goblin!
No target in view!
u - 2 clear potions (gained 1)
You see here a +0 club {mace}.
Found a broken altar of Ashenzari.
Found a stone staircase leading down.
Key pressed, stopping explore.
There is a stone staircase leading down here.
Key pressed, stopping explore.
A hobgoblin comes into view.
You barely miss the hobgoblin.
You punch the hobgoblin, but do no damage.
The hobgoblin barely misses you.
A hobgoblin is nearby!
A hobgoblin is nearby!
You closely miss the hobgoblin. You headbutt the hobgoblin.
You kill the hobgoblin!
No target in view!
No target in view!
No target in view!
Found a stormy altar of Qazlal.
Key pressed, stopping explore.
Key pressed, stopping explore.
Key pressed, stopping explore.
No target in view!
No target in view!
You see here a +0 club {mace}.
Natasha, Servant of Life and Death comes into view.
Natasha hisses angrily.
Natasha is nearby!
Natasha casts a spell at you. The magic dart hits you!
Ouch! That really hurt!
* * * LOW HITPOINT WARNING * * *
😨 HP[-8]
You take 8 damage, and now have 6/14 hp.
MASSIVE DAMAGE!! (PAUSE) Natasha claws you.
* * * LOW HITPOINT WARNING * * *
😱 HP[-4]
You take 4 damage, and now have 2/14 hp.
MASSIVE DAMAGE!! (PAUSE)
Casting: Kiss of Death (safe; 12% risk of failure)
Confirm with . or Enter, or press ? or * to list all spells.
Aiming: Kiss of Death (safe; 12% risk of failure)
Press: ? - help, Shift-Dir - straight line, f - Natasha
Aim: Natasha (100% to hit)
The negative energy hits Natasha.
Natasha is drained!
You feel drained. Natasha claws you.
You die...

Skill      XL: |  1  2 |
---------------+-------+-----
Dodging        | 2 |  2.6
Axes           | 3 |  3.0
Fighting       | |  2.9
Spellcasting   | |  2.8
Conjurations   | |  3.6
Ice Magic      | |  0.8

Action                   |  1- 3 |  4- 6 || total
-------------------------+-------+-------++-------
Melee: Hand axe          |    60 |    55 ||   115
       Headbutt          |    10 |    14 ||    24
       Punch             |     1 |     2 ||     3
 Cast: Kiss of Death     |     4 |     7 ||    11
 Stab: Sleeping          |       |     1 ||     1
Armor: Leather armour    |    23 |    24 ||    47
Dodge: Dodged            |    21 |    30 ||    51

Levels and vault maps discovered:
D:1:      dpeg_arrival_rhombus, layout_loops_cross,
          hellmonk_ecumenical_altar_arch_garden
D:2:      cheibrodos_old_hovel, layout_rooms, hangedman_glass_teeth,
          guppyfry_early_lair_pool, uniq_jessica
D:3:      layout_loops_cross, overflow_temple_1_default, marbit_many_paths,
          gammafunk_ghost_grave, feat_on_display, uniq_natasha

Notes
Turn   | Place    | Note
-------+----------+-------------------------------------------
     0 | D:1      | mcwallace the Demonspawn Reaver began the quest for the
                  | Orb.
     0 | D:1      | Reached XP level 1. HP: 16/16 MP: 3/3
     0 | D:1      | magus.rc [v1.9.6]
    52 | D:1      | Found a faded altar of an unknown god.
   153 | D:1      | Gained mutation: You have a pair of small horns on your
                  | head. [demonic ancestry]
   153 | D:1      | Reached XP level 2. HP: 19/22 MP: 5/5
   156 | D:1      | Reached skill level 2 in Dodging
   704 | D:2      | Noticed Jessica
   712 | D:2      | Killed Jessica
   713 | D:2      | Reached skill level 3 in Axes
   713 | D:2      | Gained mutation: You have a pair of horns on your head.
                  | [demonic ancestry]
   713 | D:2      | Reached XP level 3. HP: 7/27 MP: 3/6
   977 | D:2      | You pick up a book of Lightning and begin reading...
   977 | D:2      | You add the spells Static Discharge, Vhi's Electric Charge,
                  | Lightning Bolt and Arcjolt to your library.
  1006 | D:2      | You pick up a book of Minor Magic and begin reading...
  1006 | D:2      | You add the spells Magic Dart, Call Imp and Mephitic Cloud
                  | to your library.
  1026 | D:2      | You pick up a book of Frost and begin reading...
  1026 | D:2      | You add the spells Freeze and Frozen Ramparts to your
                  | library.
  1048 | D:2      | Reached XP level 4. HP: 23/32 MP: 7/7
  1634 | D:3      | Reached XP level 5. HP: 11/14 MP: 3/9
  1727 | D:3      | Found a runed translucent door.
  1750 | D:3      | Noticed bande's ghost (amateur GrFi)
  1806 | D:3      | Found a broken altar of Ashenzari.
  1888 | D:3      | Found a stormy altar of Qazlal.
  2009 | D:3      | Noticed Natasha
  2012 | D:3      | HP: 2/14 [Natasha (4)]
  2013 | D:3      | Slain by Natasha

Vanquished Creatures
  Jessica (D:2)
  4 gnolls (D:3)
  2 adders (D:2)
  2 worms (D:2)
  3 dart slugs
  10 endoplasms
  2 giant cockroaches
  4 goblins
  A hobgoblin (D:3)
  3 jackals (D:3)
  3 quokkas
  2 ball pythons
  5 bats
  A frilled lizard (D:1)
  4 kobolds
  3 rats
50 creatures vanquished.

Vanquished Creatures (others)
  3 plants (D:2)
3 creatures vanquished.

Grand Total: 53 creatures vanquished

Table legend:
 A = Non-vault XP
 B = Vault XP
 C = Vault XP percentage of total XP
 D = Non-vault monster count
 E = Vault monster count
 F = Vault count percentage of total count
                 A         B        C        D         E       F
            +---------+---------+-------+---------+---------+-------
      Total |     160 |      44 |  21.6 |      47 |       3 |   6.0
            +---------+---------+-------+---------+---------+-------
        D:1 |      22 |       0 |   0.0 |      13 |       0 |   0.0
        D:2 |      60 |      42 |  41.2 |      17 |       2 |  10.5
        D:3 |      78 |       2 |   2.5 |      17 |       1 |   5.6
            +---------+---------+-------+---------+---------+-------

Illustrated notes

Table legend:
 A = Kills in this place as a percentage of kills in entire the game.
 B = Kills by you in this place as a percentage of kills by you in the entire game.
 C = Kills by friends in this place as a percentage of kills by friends in the entire game.
 D = Other kills in this place as a percentage of other kills in the entire game.
 E = Experience gained in this place as a percentage of experience gained in the entire game.
 F = Experience gained in this place divided by the number of levels of this place that you have seen.
                   A       B       C       D       E      F
               +-------+-------+-------+-------+-------+----------------------
         Total | 100.0 | 100.0 |   N/A |   N/A | 100.0 |  68.0
       Dungeon | 100.0 | 100.0 |   N/A |   N/A | 100.0 |  68.0
               +-------+-------+-------+-------+-------+----------------------

Table legend: (Time is in decaauts)
 A = Elapsed time spent in this place.
 B = Non-inter-level travel time spent in this place.
 C = Inter-level travel time spent in this place.
 D = Time resting spent in this place.
 E = Time spent auto-exploring this place.
 F = Levels seen in this place.
 G = Mean time per level.
                   A        B        C        D        E       F      G
               +--------+--------+--------+--------+--------+-----+--------+
         Total |   2029 |   1997 |     32 |      0 |   1616 |   3 |  676.3 |
       Dungeon |   2029 |   1997 |     32 |      0 |   1616 |   3 |  676.3 |
               +--------+--------+--------+--------+--------+-----+--------+

Top non-repeatable levels by time:
     D:2: 809 daAuts
     D:1: 629 daAuts
     D:3: 590 daAuts
